 Dungeon Crawl Stone Soup version 0.20.1-1-g8b1a95d (webtiles) character file.

121145 Piramida the Warrior (level 16, -5/223 HPs)
             Began as a Minotaur Berserker on Nov 2, 2017.
             Was the Champion of Trog.
             Slain by a wolf spider (10 damage)
             ... on level 4 of the Spider Nest.
             The game lasted 02:05:14 (30098 turns).

Piramida the Warrior (Minotaur Berserker)          Turns: 30098, Time: 02:05:14

Health: -5/223     AC: 28    Str: 38    XL:     16   Next: 31%
Magic:  7/7        EV:  2    Int:  6    God:    Trog [******]
Gold:   1172       SH:  0    Dex:  9    Spells: 15/15 levels left

rFire    . . .     SeeInvis .   E - +9 demon whip (antimagic)
rCold    . . .     Gourm    +   O - +0 shield
rNeg     + + +     Faith    .   (armour currently unavailable)
rPois    +         Spirit   .   (helmet currently unavailable)
rElec    .         Reflect  .   (cloak currently unavailable)
rCorr    .         Harm     .   (gloves currently unavailable)
MR       +....     NoTele   +   (boots currently unavailable)
Stlth    +.........             v - amulet of the gourmand
Regen    0.5/turn               h - +2 ring of slaying
MPRegen  0.1/turn               k - +5 ring of strength

@: confused, mighty, tree-form, slowed, very slow
A: (retaliatory headbutt)
a: Berserk, Trog's Hand, Brothers in Arms, Burn Spellbooks, Renounce Religion


You were on level 4 of the Spider Nest.
You worshipped Trog.
Trog was exalted by your worship.
You were not hungry.
You were a tree.
You visited 6 branches of the dungeon, and saw 25 of its levels.
You also visited: Ossuary.

You collected 2135 gold pieces.
You spent 963 gold pieces at shops.

Inventory:

Hand Weapons
 b - a +4 eveningstar of flaming
 x - the +3 morningstar of Excruciating Pain {crush, rN+ MR+ Stlth+}
   (Trog gifted it to you on level 2 of the Lair of Beasts)

   It inflicts extra damage upon your enemies.
   It protects you from negative energy.
   It affects your resistance to hostile enchantments.
   It makes you more stealthy.
 E - a +9 antimagic demon whip (weapon)
 G - the +6 mace "Impslayer" {flame, rN+ Stlth+}
   (You found it on level 5 of the Dungeon)

   It has been specially enchanted to burn those struck by it, causing extra
   injury to most foes and up to half again as much damage against particularly
   susceptible opponents.
   It protects you from negative energy.
   It makes you more stealthy.
Missiles
 d - 511 stones (quivered)
Armour
 y - a +2 pair of gloves (melded)
 J - a +2 plate armour of magic resistance
 M - the +6 plate armour "Begiz" (melded) {Regen+ Dex+3}
   (You found it on level 12 of the Dungeon)

   It affects your dexterity (+3).
   It increases your rate of regeneration.
 O - a +0 shield (worn)
 T - a +1 pair of boots (melded)
 V - the +0 chain mail "Byfoenwe" {rElec rPois rC- rN++}
   (You found it on level 8 of the Dungeon)

   It makes you vulnerable to cold.
   It insulates you from electricity.
   It protects you from poison.
   It greatly protects you from negative energy.
 Y - a +0 cloak (melded)
Jewellery
 f - an uncursed ring of positive energy
 h - a +2 ring of slaying (left branch)
 k - a +5 ring of strength (right branch)
 s - an uncursed ring of protection from fire
 u - an uncursed ring of poison resistance
 v - an amulet of the gourmand (around neck)
 N - an uncursed ring of protection from cold
 U - an uncursed ring of see invisible
Wands
 t - a wand of acid (5/15)
 z - a wand of iceblast (4/15)
 B - a wand of lightning (7/15)
 H - a wand of enslavement (13/24)
 W - a wand of disintegration (4/24)
 X - a wand of digging (15/24)
Scrolls
 e - 5 scrolls of remove curse
 l - a scroll of brand weapon
 n - a scroll of fog
 p - 9 scrolls of teleportation
 q - 4 scrolls of magic mapping
 A - 8 scrolls of recharging
 K - 2 scrolls of blinking
 R - a scroll of enchant weapon
Potions
 a - a potion of ambrosia
 i - a potion of haste
 m - 4 potions of lignification
 r - a potion of might
 C - a potion of berserk rage
 D - 3 potions of mutation
 P - 4 potions of invisibility
 Q - a potion of cancellation
 S - a potion of flight {unknown}
 Z - 3 potions of agility
Miscellaneous
 I - a lamp of fire
Comestibles
 c - 10 bread rations
 g - 13 meat rations
 o - 15 fruits
 w - 19 royal jellies


   Skills:
 + Level 15.0 Fighting
 - Level 14.0 Maces & Flails
 + Level 14.9 Armour
 + Level 13.5 Dodging
 + Level 6.9 Stealth
 + Level 14.7 Shields
 - Level 8.0 Evocations


You had 15 spell levels left.
You didn't know any spells.

Dungeon Overview and Level Annotations

Branches:
Dungeon (13/15)            Temple (1/1) D:5            Lair (4/6) D:10
 Shoals (0/4) Lair:4       Spider (4/4) Lair:3          Orc (2/2) D:10
    Elf (1/3) Orc:2
 Vaults: D:13-14

Altars:
Ashenzari
Cheibriados
Dithmenos
Elyvilon
Fedhas
Gozag
Hepliaklqana
Kikubaaqudgha
Makhleb
Nemelex Xobeh
Okawaru
Qazlal
Ru
Sif Muna
Trog
Uskayaw
Vehumet
Xom
Yredelemnul
Zin
The Shining One
Beogh

Shops:
D:5 =   D:9 =   Orc:1 !   Orc:2 !=%*

Annotations:
Lair:1 exclusion: 2 oklob plants
Lair:2 exclusion: 3 oklob plants
Spider:3 exclusion: Roxanne, Roxanne


Innate Abilities, Weirdness & Mutations

((You reflexively headbutt those who attack you in melee.))
((You have a pair of horns on your head.))


Message History

* * * LOW HITPOINT WARNING * * *
The death scarab drains your vigour!
You feel as though you will be slow longer.
The death scarab bites you but does no damage.
The wolf spider hits you but does no damage.
The wolf spider bites you but does no damage.
The spectral tarantella bites you but does no damage.
The tarantella bites you but does no damage.
The wolf spider hits you!
* * * LOW HITPOINT WARNING * * *
The wolf spider bites you but does no damage.
The wolf spider zombie hits you but does no damage.
The wolf spider zombie bites you but does no damage.
The spectral tarantella bites you!
* * * LOW HITPOINT WARNING * * *
The death scarab bites you!
* * * LOW HITPOINT WARNING * * *
The tarantella bites you but does no damage.
The wolf spider hits you!
You die...

########...# #..##
#...# #...# #...#
##..# #..s# #^Zs#
#sZ♣# #.ss#
s.......^s#
........#.#
...#......#
##################
................
................
...#.%......#≈..


You could see a wolf spider, a spectral tarantella, 4 death scarabs, a
tarantella and a wolf spider zombie.

Vanquished Creatures
  Arachne (Spider:4)
  The ghost of Ratty the Severer, an adept MiBe of Trog (Spider:3)
  4 ghost moths (Spider:4)
  2 emperor scorpions
  A stone giant (Orc:2)
  9 entropy weavers
  2 ettins
  A hydra (Lair:3)
  Erica (D:10)
  A centaur warrior (D:12)
  A death knight (D:12)
  7 dancing weapons (Spider:3)
  4 two-headed ogres
  3 death scarabs (Spider:4)
  5 orc high priests
  Sonja (Lair:2)
  The ghost of Folque the Destroyer, a novice TeCj of Sif Muna (D:10)
  An unseen horror (D:11)
  3 spectral wolf spiders (Spider:4)
  5 deep elf magi (Orc:2)
  A phantasmal warrior (D:12)
  2 orc knights
  18 orb spiders
  An orc sorcerer (Orc:2)
  An ugly thing (D:11)
  A cyclops (D:13)
  19 wolf spiders
  A manticore (Lair:2)
  Maurice (D:9)
  A moth of wrath (Spider:1)
  A torpor snail (Spider:1)
  The ghost of letownia2 the Grave Robber, a novice DDNe of Gozag (D:6)
  A black mamba (Lair:1)
  5 spiny frogs
  A rime drake (D:12)
  11 demonic crawlers
  A freezing wraith (D:12)
  A meliai (D:12)
  A queen bee (Lair:2)
  11 trolls
  29 jumping spiders
  11 hornets
  13 hippogriffs
  4 spectral tarantellas (Spider:4)
  A slime creature (D:11)
  A spectral jumping spider (Spider:4)
  75 redbacks
  17 yaks
  48 tarantellas
  2 water elementals (D:12)
  6 wyverns
  A wraith (D:12)
  A golden eye (shapeshifter) (D:11)
  2 hungry ghosts
  Eustachio (D:5)
  A basilisk (Lair:2)
  13 wargs
  5 swamp worms (Lair:1)
  A soldier ant (D:11)
  3 porcupines
  20 water moccasins
  3 spectral hornets (Spider:4)
  27 orc warriors
  5 sky beasts
  2 black bears
  An ice beast (D:11)
  8 ogres
  8 wolves
  5 centaurs
  5 crocodiles
  11 bullfrogs
  2 wyvern zombies (D:9)
  A wyvern skeleton (D:12)
  3 scorpions
  32 killer bees
  14 wights
  8 electric eels
  6 crimson imps
  A bullfrog zombie (D:5)
  8 jellies
  42 orc priests
  7 bullfrog skeletons
  9 hounds
  A centaur skeleton (D:4)
  Crazy Yiuf (D:5)
  4 iguanas
  18 orc wizards
  A hell rat (Lair:2)
  5 worker ants
  2 hound skeletons
  8 mummies (Ossuary)
  A worker ant zombie (D:5)
  4 gnolls (D:4)
  20 adders
  5 shadow imps
  12 white imps (D:12)
  5 oozes (D:11)
  2 adder zombies (D:7)
  A worm zombie (D:7)
  16 worms
  3 dart slugs
  7 leopard geckos
  116 orcs
  A ball python (D:1)
  3 giant cockroaches
  5 hobgoblins
  19 jackals
  6 bats
  6 frilled lizards
  2 gnoll zombies (Ossuary)
  11 goblins
  8 kobolds
  4 kobold zombies (Ossuary)
  2 orc zombies (Ossuary)
  3 rats
899 creatures vanquished.

Vanquished Creatures (collateral kills)
  A demonic crawler (Spider:3)
1 creature vanquished.

Vanquished Creatures (others)
  2 orcs (D:12)
  3 fungi
  3 plants (Lair:1)
8 creatures vanquished.

Grand Total: 908 creatures vanquished

Notes
Turn   | Place    | Note
-------+----------+-------------------------------------------
     0 | D:1      | Piramida the Minotaur Berserker began the quest for the Orb.
     0 | D:1      | Reached XP level 1. HP: 19/19 MP: 0/0
   136 | D:1      | Reached XP level 2. HP: 23/26 MP: 1/1
   598 | D:1      | Reached ** piety under Trog
   598 | D:1      | Reached skill level 5 in Maces & Flails
   805 | D:1      | Reached XP level 3. HP: 25/31 MP: 2/2
  2023 | D:3      | Reached XP level 4. HP: 37/39 MP: 3/3
  2836 | D:4      | Got a scorched hand axe
  2900 | D:4      | Reached XP level 5. HP: 45/45 MP: 4/4
  3008 | D:5      | Entered Level 5 of the Dungeon
  3289 | D:4      | Reached XP level 6. HP: 44/51 MP: 5/5
  3487 | D:4      | Reached *** piety under Trog
  3602 | D:4      | Identified the +4 hand axe of Scorn {speed, +Blink Str+2 Int-2 SInv} (You found it on level 4 of the Dungeon)
  3787 | D:5      | Got a transparent mace
  3795 | D:5      | Identified the +6 mace "Impslayer" {flame, rN+ Stlth+} (You found it on level 5 of the Dungeon)
  3885 | D:5      | Reached XP level 7. HP: 57/57 MP: 6/6
  3904 | D:5      | Reached skill level 1 in Shields
  3983 | D:5      | Noticed Eustachio
  3984 | D:5      | Found Qugy's Jewellery Emporium.
  3990 | D:5      | Killed Eustachio
  3990 | D:5      | Reached skill level 10 in Maces & Flails
  4174 | D:5      | Found a staircase to the Ecumenical Temple.
  4182 | Temple   | Entered the Ecumenical Temple
  4314 | D:5      | Found a runed door.
  4488 | D:5      | Noticed Crazy Yiuf
  4493 | D:5      | Killed Crazy Yiuf
  4595 | D:6      | Reached XP level 8. HP: 56/64 MP: 7/7
  4615 | D:6      | Noticed letownia2's ghost (novice DDNe)
  4619 | D:6      | Killed letownia2's ghost
  4711 | D:6      | Reached **** piety under Trog
  4958 | D:7      | Found a sand-covered staircase.
  4974 | D:7      | Reached XP level 9. HP: 60/70 MP: 8/8
  4983 | Ossuary  | Entered an ossuary
  5523 | D:6      | You fall through a shaft!
  5825 | D:8      | Got a slimy chain mail
  6058 | D:8      | Reached skill level 4 in Fighting
  6104 | D:9      | Noticed a two-headed ogre
  6112 | D:9      | Killed a two-headed ogre
  6112 | D:9      | Reached ***** piety under Trog
  6721 | D:5      | Bought an uncursed amulet of the gourmand for 360 gold pieces
  6737 | D:5      | Identified the cursed +0 chain mail "Byfoenwe" {rElec rPois rC- rN++} (You found it on level 8 of the Dungeon)
  7074 | D:9      | Noticed Maurice
  7076 | D:9      | Reached skill level 5 in Fighting
  7076 | D:9      | Reached skill level 5 in Shields
  7083 | D:9      | Killed Maurice
  7168 | D:9      | Reached XP level 10. HP: 71/81 MP: 9/11
  7252 | D:10     | Entered Level 10 of the Dungeon
  7282 | D:9      | Reached skill level 5 in Armour
  7503 | D:9      | Found Muebae Jejo's Jewellery Emporium.
  7715 | D:9      | Reached skill level 5 in Dodging
  7936 | D:10     | Found a staircase to the Orcish Mines.
  7940 | D:9      | Reached skill level 6 in Fighting
  8266 | D:9      | Received a gift from Trog
  8314 | D:9      | Noticed a two-headed ogre
  8318 | D:9      | Killed a two-headed ogre
  8558 | D:10     | Noticed Erica
  8568 | D:10     | Noticed Folque's ghost (novice TeCj)
  8613 | D:10     | Killed Folque's ghost
  8613 | D:10     | Reached skill level 7 in Fighting
  8621 | D:10     | Killed Erica
  8624 | D:10     | Reached XP level 11. HP: 75/92 MP: 12/12
  8908 | D:10     | Found a staircase to the Lair.
  9379 | D:10     | Reached skill level 8 in Fighting
  9814 | Orc:1    | Entered Level 1 of the Orcish Mines
  9870 | Orc:1    | Received a gift from Trog
 10089 | Orc:1    | Found Revaq's Distillery.
 10700 | Orc:1    | Reached skill level 9 in Fighting
 10708 | Orc:1    | Bought a potion of heal wounds for 65 gold pieces
 10985 | Orc:2    | Entered Level 2 of the Orcish Mines
 11064 | Orc:2    | Noticed a stone giant
 11077 | Orc:2    | Killed a stone giant
 11297 | Orc:2    | Noticed an ettin
 11329 | Orc:2    | Killed an ettin
 12220 | Orc:2    | Found a staircase to the Elven Halls.
 12530 | Orc:2    | Noticed an orc high priest
 13397 | Orc:2    | Noticed a sixfirhy
 13553 | Orc:2    | Killed an orc high priest
 13553 | Orc:2    | Reached XP level 12. HP: 81/106 MP: 13/13
 13777 | Orc:2    | Noticed an orc high priest
 13797 | Orc:1    | Killed an orc high priest
 14173 | Orc:1    | Received a gift from Trog
 14267 | Orc:2    | Reached skill level 10 in Fighting
 14498 | Orc:2    | Noticed an orc high priest
 14603 | Orc:1    | Reached skill level 10 in Armour
 14603 | Orc:1    | Reached skill level 10 in Shields
 14910 | Orc:2    | Killed an orc high priest
 14974 | Orc:2    | Found Gemimpou's Food Boutique.
 14974 | Orc:2    | Found Qobbata's General Store.
 15032 | Orc:2    | Found a roughly hewn altar of Beogh.
 15061 | Orc:2    | Found Xatuenn's Distillery.
 15061 | Orc:2    | Found Liugiulo's Jewellery Emporium.
 15061 | Orc:2    | Noticed an orc high priest
 15062 | Orc:2    | Noticed an orc high priest
 15463 | Orc:1    | Killed an orc high priest
 15622 | Orc:2    | Killed an orc high priest
 15622 | Orc:2    | Reached skill level 5 in Evocations
 15802 | Orc:2    | Bought a scroll of identify for 26 gold pieces
 15802 | Orc:2    | Bought a scroll of brand weapon for 260 gold pieces
 15833 | Orc:2    | Bought a potion of heal wounds for 60 gold pieces
 15833 | Orc:2    | Bought a potion of heal wounds for 60 gold pieces
 15833 | Orc:2    | Bought a potion of lignification for 36 gold pieces
 15833 | Orc:2    | Bought a potion of heal wounds for 60 gold pieces
 15833 | Orc:2    | Bought a potion of lignification for 36 gold pieces
 16391 | Elf:1    | Entered Level 1 of the Elven Halls
 17051 | Orc:2    | Received a gift from Trog
 17110 | Orc:1    | Noticed an ettin
 17115 | Orc:1    | Killed an ettin
 17185 | D:11     | Reached skill level 11 in Fighting
 17496 | D:12     | Reached XP level 13. HP: 78/116 MP: 16/16
 17767 | D:12     | Received a gift from Trog
 18069 | D:12     | Reached skill level 10 in Dodging
 18775 | D:11     | Reached ****** piety under Trog
 19640 | D:12     | Got an encrusted plate armour
 19651 | D:12     | Identified the +6 plate armour "Begiz" {Regen+ Dex+3} (You found it on level 12 of the Dungeon)
 19791 | Lair:1   | Entered Level 1 of the Lair of Beasts
 19887 | Lair:1   | Received a gift from Trog
 20724 | Lair:2   | Noticed Sonja
 20732 | Lair:2   | Killed Sonja
 20732 | Lair:2   | Reached skill level 12 in Fighting
 21153 | Lair:2   | Received a gift from Trog
 21345 | Lair:2   | Got a shimmering morningstar {god gift}
 21346 | Lair:2   | Identified the +3 morningstar of Excruciating Pain {crush, rN+ MR+ Stlth+} (Trog gifted it to you on level 2 of the Lair of Beasts)
 21506 | Lair:2   | Reached XP level 14. HP: 127/127 MP: 18/18
 22173 | Lair:4   | Found a staircase to the Shoals.
 22186 | Lair:3   | Found a hole to the Spider Nest.
 22305 | Spider:1 | Entered Level 1 of the Spider Nest
 23081 | Spider:1 | Paralysed by a hornet for 2 turns
 23499 | Spider:1 | Received a gift from Trog
 23645 | Spider:1 | Noticed an entropy weaver
 23655 | Spider:1 | Killed an entropy weaver
 23655 | Spider:1 | Reached skill level 1 in Stealth
 24025 | Spider:2 | Noticed an emperor scorpion
 24053 | Spider:2 | Killed an emperor scorpion
 24307 | Spider:3 | Noticed an entropy weaver
 24313 | Spider:2 | Reached skill level 13 in Fighting
 24490 | Spider:2 | Noticed an entropy weaver
 24500 | Spider:2 | Killed an entropy weaver
 24945 | Spider:3 | Noticed an entropy weaver
 24951 | Spider:2 | Killed an entropy weaver
 24987 | Spider:3 | Noticed Roxanne
 25011 | Spider:3 | Received a gift from Trog
 25030 | Spider:3 | Noticed Ratty's ghost (adept MiBe)
 25066 | Spider:3 | Found a runed door.
 25108 | Spider:3 | Killed Ratty's ghost
 25108 | Spider:3 | Reached XP level 15. HP: 136/136 MP: 6/20
 25789 | Spider:4 | Entered Level 4 of the Spider Nest
 26391 | Spider:4 | Reached skill level 5 in Stealth
 26456 | Spider:4 | Received a gift from Trog
 26473 | Spider:4 | Killed a ghost moth
 26737 | Spider:3 | Reached skill level 14 in Fighting
 27740 | Spider:4 | Noticed Arachne
 27753 | Spider:4 | Killed Arachne
 28319 | Spider:4 | Killed a ghost moth
 28432 | Spider:4 | Received a gift from Trog
 28897 | Spider:4 | Reached XP level 16. HP: 147/147 MP: 7/21
 29246 | Spider:4 | Received a gift from Trog
 30084 | Spider:4 | Reached skill level 15 in Fighting
 30098 | Spider:4 | HP: 5/223 [death scarab (11)]
 30098 | Spider:4 | Slain by a wolf spider

Skill      XL: |  1  2  3  4  5  6  7  8  9 10 11 12 13 14 15 16 |
---------------+-------------------------------------------------+-----
Maces & Flails | 4 5 7 8 9 11 13 14 | 14.0
Shields        | 1 2 5 7 9 10 12 13 14 | 14.7
Fighting       | 5 7 9 11 12 13 14 15 | 15.0
Armour         | 4 7 9 11 12 13 14 | 14.9
Dodging        | 4 6 8 9 11 12 13 | 13.5
Evocations     | 2 3 5 7 8 |  8.0
Stealth        | 3 6 |  6.9

Action                   |  1- 3 |  4- 6 |  7- 9 | 10-12 | 13-15 | 16-18 || total
-------------------------+-------+-------+-------+-------+-------+-------++-------
Melee: Mace              |    90 |   119 |   202 |   648 |   594 |       ||  1653
       Headbutt          |     9 |    24 |    41 |   150 |   289 |    56 ||   569
       Demon whip        |       |       |       |    36 |   601 |   181 ||   818
Invok: Berserk           |       |     2 |     6 |    12 |    19 |     2 ||    41
       Burn Spellbooks   |       |       |     1 |       |     2 |     1 ||     4
       Brothers in Arms  |       |       |       |       |     1 |       ||     1
  Use: Scroll            |     6 |     3 |     8 |    10 |    13 |       ||    40
       Potion            |       |     1 |       |     9 |    12 |     2 ||    24
 Stab: Distracted        |       |       |       |     1 |       |       ||     1
       Held in net/web   |       |       |       |       |     1 |       ||     1
  Eat: Chunk             |     3 |     8 |    16 |    52 |    51 |     6 ||   136
       Royal jelly       |       |       |     1 |       |       |       ||     1
Armor: Animal skin       |     5 |       |       |       |       |       ||     5
       Leather armour    |    19 |     9 |       |       |       |       ||    28
       Chain mail        |       |    44 |    52 |       |       |       ||    96
       Plate armour      |       |       |    22 |   167 |   473 |   113 ||   775
       Skin              |       |       |       |    23 |    65 |    52 ||   140
Dodge: Dodged            |    58 |    44 |    38 |   175 |   458 |    81 ||   854
Block: Buckler           |     3 |    13 |    14 |       |       |       ||    30
       Shield            |       |       |    20 |   334 |   766 |   113 ||  1233
